Map: Winter's Gate LE

Players

Djorn

  • Race: Protoss Protoss
  • Spawn Location: 11:00

A.I. 1 (Very Easy) - Winner!

  • Race: Zerg Zerg
  • Spawn Location: 5:00

VOD

Have the link to the VOD?

Description

Time

  • Played on: Aug. 22, 2019, 8:49 p.m.
  • Length: 5:01
Show
View Real Time Build Order
Export as new Build Order

Djorn Protoss 

Build Orders:  

Get SALT Encoding   

  12  0:01  Probe  
  13  0:15  Probe  
  14  0:23  Pylon  
  14  0:27  Probe  
  15  0:44  Gateway, Probe  
  15  0:49  Assimilator  
  16  0:52  Probe  
  17  1:02  Probe  
  18  1:14  Probe  
  19  1:26  Probe  
  19  1:27  Pylon  
  20  1:38  Probe  
  21  1:40  Cybernetics Core  
  21  1:48  Gateway  
  21  1:54  Gateway  
  21  1:57  Probe  
  21  2:00  Assimilator  
  22  2:09  Probe  
  23  2:21  Probe  
  24  2:24  Twilight Council  
  24  2:30  Pylon, Adept  
  24  2:36  Adept  
  28  2:41  Probe  
  29  2:49  Adept  
  31  2:51  Resonating Glaives  
  31  2:58  Adept  
  31  3:06  Adept  
  35  3:21  Adept  
  27  4:41  Nexus  
  27  4:48  Pylon  
  27  4:50  Pylon  
Show
View Real Time Build Order
Export as new Build Order

A.I. 1 (Very Easy) Zerg - Winner!

Build Orders: Hatch First 

Get SALT Encoding   

  12  0:00  Drone  
  13  0:12  Overlord  
  13  0:16  Drone  
  14  0:41  Hatchery  
  13  0:45  Drone  
  14  1:02  Spawning Pool  
  14  1:04  Extractor  
  12  1:06  Drone  
  13  1:13  Drone  
  14  1:19  Overlord  
  14  1:49  Zergling x2  
  14  1:51  Zergling x2, Queen  
  18  2:00  Roach Warren  
  17  2:03  Drone  
  17  2:07  Extractor  
  17  2:11  Drone  
  17  2:15  Zergling x2  
  19  2:19  Drone  
  20  2:26  Drone  
  21  2:33  Drone  
  22  2:40  Drone  
  23  2:48  Drone  
  24  2:55  Drone  
  25  3:01  Roach  
  25  3:02  Drone  
  28  3:07  Overlord  
  28  3:11  Drone  
  29  3:18  Drone  
  30  3:26  Drone  
  31  3:33  Drone  
  32  3:40  Drone  
  33  3:43  Overlord  
  33  3:46  Roach  
  33  3:47  Drone  
  36  3:51  Lair  
  36  3:54  Drone  
  37  4:02  Drone  
  38  4:09  Drone  
  39  4:16  Drone  
  40  4:24  Drone  
  37  4:31  Drone  
  37  4:32  Roach  
  40  4:38  Drone  
  41  4:45  Drone  
  41  4:51  Extractor  
  41  4:58  Extractor  
Tags
 
Matchup
PvZ
Replay Pack
sc2replays
Spawn Locations
Cross Positions
Add a new tag
Caveats
  • Supply blocks, unpowered buildings, or Contaminate may cause inaccurate times.
  • Supply counts are checked every 10 seconds.